 Dungeon Crawl Stone Soup version 0.28.0-43-g3370ac3207 (webtiles) character file.

Game seed: 5700077386415438998

110795 MisterFreud the Deadly Accurate (level 16, -1/129 HPs)
             Began as a Gnoll Cinder Acolyte on Mar 25, 2022.
             Was a High Priest of Ignis.
             Slain by a redback (10 damage)
             ... on level 2 of the Spider Nest.
             The game lasted 01:21:37 (42443 turns).

MisterFreud the Deadly Accurate (GnCA)             Turns: 42443, Time: 01:21:38

Health: -1/129     AC:  8    Str: 16    XL:     16   Next: 56%
Magic:  22/22      EV: 13    Int: 29    God:    Ignis [*****.]
Gold:   2237       SH:  0    Dex:  7    Spells: 23/37 levels left

rFire   + . .      SeeInvis .   Z - +8 quarterstaff of the Establishment {elec, MP-9 Int+9}
rCold   . . .      Faith    .   (shield currently unavailable)
rNeg    . . .      Spirit   .   y - +1 swamp dragon scales
rPois   +          Reflect  .   a - +0 helmet
rElec   .          Harm     .   D - +1 cloak
rCorr   .          Rampage  .   R - +1 pair of gloves
Will    +....                   q - +1 pair of boots
Stlth   ++++......              p - amulet of regeneration
HPRegen 1.11/turn               B - ring of poison resistance
MPRegen 0.18/turn               (no ring)

@: lethally poisoned (-1 -> -12), about to teleport, corroded, studying Throwing
A: fangs 1, strong nose, distributed training
a: Renounce Religion, Fiery Armour, Foxfire Swarm


You were on level 2 of the Spider Nest.
You worshipped Ignis.
Ignis was extremely pleased with you.
You visited 5 branches of the dungeon, and saw 26 of its levels.
You also visited: Sewer, Ice Cave and Volcano.

You collected 2858 gold pieces.
You spent 621 gold pieces at shops.

Inventory:

Hand Weapons
 h - the +8 dagger "Oton" {freeze, Will+}
   (You found it on level 6 of the Dungeon)

   It freezes those it strikes, dealing additional cold damage.
   It can also slow down cold-blooded creatures.
   Will:      It increases your willpower.
 Z - the +8 quarterstaff of the Establishment (weapon) {elec, MP-9 Int+9}
   (You bought it in a shop on level 2 of the Orcish Mines)

   It occasionally discharges a powerful burst of electricity upon striking a
   foe.
   Int:       It affects your intelligence (+9).
   MP:        It affects your magic capacity (-9).
Missiles
 n - 2 throwing nets
 o - 3 poisoned darts
 W - 5 boomerangs (quivered)
 X - a silver boomerang
Armour
 a - a +0 helmet (worn)
 q - a +1 pair of boots (worn)
 y - +1 swamp dragon scales (worn)
 D - a +1 cloak (worn)
 O - a +3 leather armour of fire resistance
 Q - +0 fire dragon scales
 R - a +1 pair of gloves (worn)
 Y - a +1 cloak
Jewellery
 e - an amulet of guardian spirit
 p - an amulet of regeneration (around neck)
 B - a ring of poison resistance (left hand)
 U - an amulet of reflection
 V - a ring of fire
Wands
 c - a wand of flame (66)
 j - a wand of paralysis (24)
 l - a wand of digging (13)
 v - a wand of charming (5)
 w - a wand of mindburst (9)
 G - a wand of polymorph (4)
 H - a wand of iceblast (21)
 S - a wand of acid (4)
Scrolls
 m - 5 scrolls of enchant weapon
 s - 2 scrolls of brand weapon
 C - 7 scrolls of teleportation
 E - 2 scrolls of fear
 I - 2 scrolls of amnesia
 K - 2 scrolls of fog
 N - 4 scrolls of magic mapping
 P - 2 scrolls of identify
 T - 2 scrolls of enchant armour
Potions
 b - 3 potions of berserk rage
 f - 7 potions of curing
 g - 6 potions of attraction
 i - 5 potions of brilliance
 k - 2 potions of flight
 r - a potion of might
 x - 4 potions of lignification
 z - 3 potions of haste
 A - 3 potions of mutation
 F - a potion of heal wounds
 J - a potion of resistance
 L - 2 potions of invisibility
 M - 9 potions of ambrosia
Miscellaneous
 d - a lightning rod (4/4)


   Skills:
 + Level 12.7 Fighting
 + Level 12.7 Short Blades
 + Level 11.0 Long Blades
 + Level 11.0 Axes
 + Level 11.0 Maces & Flails
 + Level 11.0 Polearms
 + Level 11.0 Staves
 + Level 11.0 Slings
 + Level 11.0 Bows
 + Level 11.0 Crossbows
 + Level 15.1 Throwing
 + Level 11.0 Armour
 + Level 11.0 Dodging
 + Level 11.0 Stealth
 + Level 11.0 Shields
 + Level 11.0 Unarmed Combat
 + Level 11.3 Spellcasting
 + Level 9.2 Conjurations
 + Level 9.2 Hexes
 + Level 9.2 Summonings
 + Level 9.2 Necromancy
 + Level 9.2 Translocations
 + Level 9.2 Transmutations
 + Level 10.7 Fire Magic
 + Level 9.2 Ice Magic
 + Level 9.2 Air Magic
 + Level 9.2 Earth Magic
 + Level 9.2 Poison Magic
 + Level 11.9 Invocations
 + Level 11.0 Evocations


You had 23 spell levels left.
You knew the following spells:

 Your Spells              Type           Power      Damage    Failure   Level
a - Scorch                Fire           100%       2d10      1%          2
b - Ensorcelled Hibernat  Hex/Ice        100%       N/A       1%          2
c - Borgnjor's Vile Clut  Necr/Erth      31%        N/A       3%          5
d - Lee's Rapid Deconstr  Erth           31%        3d17*     3%          5

Your spell library contained the following spells:

 Spells                   Type           Power      Damage    Failure   Level
 Animate Skeleton         Necr           100%       N/A       1%          1
 Freeze                   Ice            100%       1d11      1%          1
 Pain                     Necr           100%       1d9       1%          1
 Shock                    Conj/Air       100%       1d9       1%          1
 Summon Small Mammal      Summ           100%       N/A       1%          1
 Call Canine Familiar     Summ           63%        N/A       1%          3
 Frozen Ramparts          Ice            100%       1d12      1%          3
 Gell's Gravitas          Tloc           63%        N/A       1%          3
 Lesser Beckoning         Tloc           63%        N/A       1%          3
 Spider Form              Tmut/Pois      63%        N/A       1%          3
 Summon Guardian Golem    Hex/Summ       63%        N/A       1%          3
 Swiftness                Air            63%        N/A       1%          3
 Teleport Other           Tloc           63%        N/A       1%          3
 Tukima's Dance           Hex            63%        N/A       1%          3
 Vampiric Draining        Necr           63%        2d10      1%          3
 Airstrike                Air            31%        N/A       1%          4
 Anguish                  Hex/Necr       31%        N/A       1%          4
 Animate Dead             Necr           31%        N/A       1%          4
 Cause Fear               Hex            31%        N/A       1%          4
 Fulminant Prism          Conj/Hex       31%        3d16      1%          4
 Hailstorm                Conj/Ice       63%        3d13      1%          4
 Ice Form                 Ice/Tmut       63%        N/A       1%          4
 Iskenderun's Mystic Bla  Conj/Tloc      63%        2d13      1%          4
 Leda's Liquefaction      Hex/Erth       31%        N/A       1%          4
 Passage of Golubria      Tloc           63%        N/A       1%          4
 Agony                    Necr           63%        N/A       3%          5
 Excruciating Wounds      Necr           31%        N/A       3%          5
 Yara's Violent Unravell  Hex/Tmut       31%        3d13      3%          5
 Death Channel            Necr           31%        N/A       19%         6
 Dispersal                Tloc           31%        N/A       19%         6
 Simulacrum               Ice/Necr       31%        N/A       19%         6
 Statue Form              Tmut/Erth      42%        N/A       19%         6
 Dragon Form              Tmut           31%        N/A       69%         7
 Disjunction              Tloc           31%        N/A       100%        8
 Dragon's Call            Summ           31%        N/A       100%        9


Dungeon Overview and Level Annotations

Branches:
Dungeon (15/15)            Temple (1/1) D:6            Lair (6/6) D:8
  Swamp (0/4) Lair:2       Spider (2/4) Lair:4        Slime (0/5) Lair:6
    Orc (2/2) D:10            Elf (0/3) Orc:2        Vaults (0/5) D:13
 Depths (0/4) D:15          Sewer (visited)           IceCv (visited)
Volcano (visited)

Altars:
Ashenzari
Cheibriados
Elyvilon
Makhleb
Nemelex Xobeh
Okawaru
Sif Muna
Trog
Uskayaw
Vehumet
Yredelemnul
Zin
The Shining One
Beogh
Jiyva

Shops:
D:5 *   Orc:2 *(=[

Portals:
Trove: D:14 (show slimy rune of Zot)


Innate Abilities, Weirdness & Mutations

You have very sharp teeth.
Your uncanny sense of smell can sniff out nearby items.
Your experience applies equally to all skills.


Message History

Press: ? - help, Q - select action, (/) - cycle Shift-Dir - straight line, f/p - entropy weaver
Aim: an entropy weaver (lightly wounded, 60% to hit)
You throw a boomerang.
The boomerang closely misses the entropy weaver.
A spark wasp comes into view.
Unknown command.
Throw: 5 boomerangs
Press: ? - help, Q - select action, (/) - cycle Shift-Dir - straight line, f/p - entropy weaver
Aim: an entropy weaver (lightly wounded, 60% to hit)
You throw a boomerang. The spark wasp buzzes angrily.
The boomerang hits the entropy weaver!
The entropy weaver is lightly wounded.
Unknown command.
The entropy weaver gestures at you while chanting.
The entropic weave corrodes you!
The entropy weaver gestures at you while chanting.
The entropic weave corrodes you!
The entropy weaver points at you and mumbles some strange words.
The entropic weave corrodes you!
You closely miss the redback.
The redback bites you but does no damage.
You hit the redback but do no damage. The redback bites you!
The spark wasp stings you!! The spark wasp shocks you! The redback bites you!
You are poisoned.
The redback poisons you!
You feel extremely sick.
Unknown command.
You feel extremely sick. The spark wasp barely misses you.
The redback bites you but does no damage.
As you read the scroll of teleportation, it crumbles to dust.
You feel strangely unstable.
You feel very sick. The spark wasp stings you!!
* * * LOW HITPOINT WARNING * * *
The spark wasp shocks you!
* * * LOW HITPOINT WARNING * * *
The redback bites you!
You die...

##...######.#.#
##..##..^....# ∆
#..###......#
#..#...####.# ##
##..#...#..#.# ..#
#..##.#....^.# ..#
##.B###.^.#..# #..#
#sy##..###..# ###..#
##@.####....# #.<..#
#..#.#....##
#..########......#..^#
##...##.##..#.#.##...#
#...#^.....#####..#.#
##....#...## ##..###
##...##..# #....#
######### ######


You could see an entropy weaver, a spark wasp and a redback.

Vanquished Creatures
  Rupert (D:12)
  An orc warlord (Orc:2)
  An entropy weaver (Spider:1)
  A fire dragon (Lair:6)
  An ettin (Orc:1)
  6 boulder beetles
  10 hydras
  The ghost of bmj180 the Black Sun, a journeyman DsNe of Kikubaaqudgha (D:10)
  4 centaur warriors
  A catoblepas (D:13)
  2 dancing weapons (D:13)
  A death knight (D:14)
  6 two-headed ogres
  3 death yaks (Lair:6)
  3 tengu warriors
  2 orc high priests
  Sonja (D:12)
  A fire crab (Lair:6)
  A steelbarb worm (Spider:1)
  A glowing orange brain (D:15)
  A deep elf archer (Volcano)
  5 deep elf pyromancers
  A lindwurm (Lair:6)
  A salamander (shapeshifter) (D:15)
  Pikel (D:3)
  8 orc knights
  8 ugly things
  3 orc sorcerers
  4 wolf spiders
  3 cyclopes
  A manticore (D:9)
  2 moths of wrath (Spider:1)
  A guardian serpent (D:13)
  2 gargoyles
  33 elephants
  6 black mambas
  2 molten gargoyles (Lair:6)
  11 cane toads
  2 torpor snails
  A demonic crawler (Spider:1)
  A freezing wraith (D:13)
  3 rime drakes
  14 komodo dragons
  Maggie (D:6)
  2 kobold demonologists
  2 trolls
  3 polar bears
  Prince Ribbit (Lair:2)
  A queen bee (Lair:2)
  4 tarantellas (Spider:1)
  8 slime creatures
  11 blink frogs
  12 jumping spiders (Spider:1)
  5 culicivoras (Spider:1)
  2 wraiths
  6 wyverns
  16 basilisks
  A water elemental (D:15)
  3 vampires
  Sigmund (D:5)
  A golden eye (shapeshifter) (D:13)
  55 yaks
  3 fire elementals (Volcano)
  15 redbacks
  3 vampire mosquitoes (D:13)
  Menkaure (D:5)
  2 steam dragons
  2 wargs
  Edmund (D:4)
  An acid dragon (D:14)
  10 hell hounds
  11 water moccasins
  2 ice beasts
  Pargi (Sewer)
  44 orc warriors
  2 sky beasts (D:7)
  A hornet zombie (D:6)
  2 black bears
  41 wolves
  4 ogres
  A necrophage (D:7)
  4 boggarts
  11 centaurs
  A phantom (D:6)
  8 kobold brigands
  8 bullfrogs
  A gnoll sergeant (Orc:1)
  A scorpion (D:8)
  A water moccasin skeleton (D:6)
  36 killer bees
  4 wights
  4 electric eels
  A bullfrog zombie (D:6)
  5 lava snakes (Lair:6)
  5 centaur zombies
  A centaur skeleton (D:7)
  A jelly (D:6)
  2 bullfrog skeletons (D:6)
  2 hounds
  22 orc priests
  Crazy Yiuf (D:6)
  2 iguanas
  24 orc wizards
  9 hell rats
  2 killer bee zombies
  A hound zombie (D:5)
  A hound skeleton (D:4)
  2 howler monkey zombies
  7 adders
  4 gnolls (Orc:1)
  A white imp (D:6)
  2 ufetubi (D:6)
  3 worms
  2 dart slugs
  86 orcs
  3 ball pythons
  8 endoplasms
  3 giant cockroaches
  8 goblins
  4 hobgoblins
  4 jackals
  27 kobolds
  6 quokkas
  11 bats
  7 rats
790 creatures vanquished.

Vanquished Creatures (others)
  An orc warrior (Orc:2)
  A boggart (D:14)
  An orc priest (Orc:2)
  An orc (Orc:1)
  35 fungi
  120 plants
159 creatures vanquished.

Grand Total: 949 creatures vanquished

Notes
Turn   | Place    | Note
-------+----------+-------------------------------------------
     0 | D:1      | MisterFreud the Gnoll Cinder Acolyte began the quest for
                  | the Orb.
     0 | D:1      | Reached XP level 1. HP: 23/23 MP: 4/4
   151 | D:1      | Reached XP level 2. HP: 23/29 MP: 5/5
   166 | D:1      | Learned a level 2 spell: Scorch
   169 | D:1      | Learned a level 2 spell: Ensorcelled Hibernation
   775 | D:2      | Found a faded altar of an unknown god.
   786 | D:1      | Reached XP level 3. HP: 26/35 MP: 1/7
   924 | D:2      | Reached skill level 1 in Invocations
  1259 | D:2      | Reached skill level 1 in Long Blades
  1259 | D:2      | Reached skill level 1 in Axes
  1259 | D:2      | Reached skill level 1 in Maces & Flails
  1259 | D:2      | Reached skill level 1 in Polearms
  1259 | D:2      | Reached skill level 1 in Staves
  1259 | D:2      | Reached skill level 1 in Slings
  1259 | D:2      | Reached skill level 1 in Bows
  1259 | D:2      | Reached skill level 1 in Crossbows
  1259 | D:2      | Reached skill level 1 in Throwing
  1259 | D:2      | Reached skill level 1 in Armour
  1259 | D:2      | Reached skill level 1 in Dodging
  1259 | D:2      | Reached skill level 1 in Stealth
  1259 | D:2      | Reached skill level 1 in Shields
  1259 | D:2      | Reached skill level 1 in Unarmed Combat
  1259 | D:2      | Reached skill level 1 in Evocations
  1429 | D:2      | Reached XP level 4. HP: 41/41 MP: 3/8
  2007 | D:3      | Noticed a black bear
  2024 | D:3      | Reached skill level 1 in Conjurations
  2024 | D:3      | Reached skill level 1 in Hexes
  2024 | D:3      | Reached skill level 1 in Summonings
  2024 | D:3      | Reached skill level 1 in Necromancy
  2024 | D:3      | Reached skill level 1 in Translocations
  2024 | D:3      | Reached skill level 1 in Transmutations
  2024 | D:3      | Reached skill level 1 in Ice Magic
  2024 | D:3      | Reached skill level 1 in Air Magic
  2024 | D:3      | Reached skill level 1 in Earth Magic
  2024 | D:3      | Reached skill level 1 in Poison Magic
  2033 | D:3      | Killed a black bear
  2034 | D:3      | Reached XP level 5. HP: 31/47 MP: 0/9
  2645 | D:3      | Reached XP level 6. HP: 47/53 MP: 1/10
  3262 | D:4      | Found a burning altar of Makhleb.
  3266 | D:4      | Noticed Edmund
  3275 | D:4      | Killed Edmund
  3276 | D:4      | Reached skill level 2 in Throwing
  3594 | D:4      | Noticed Pikel
  3620 | D:3      | Killed Pikel
  3621 | D:3      | Reached skill level 3 in Throwing
  3621 | D:3      | Reached XP level 7. HP: 26/60 MP: 5/13
  4223 | D:4      | Found an iron altar of Okawaru.
  4303 | D:4      | Reached XP level 8. HP: 66/67 MP: 7/14
  4507 | D:5      | Entered Level 5 of the Dungeon
  4571 | D:5      | Found a glowing drain.
  4585 | Sewer    | Entered a sewer
  4799 | Sewer    | Noticed Pargi
  4804 | Sewer    | Killed Pargi
  4805 | Sewer    | Reached skill level 4 in Throwing
  5063 | D:5      | Found Segg's General Store.
  5071 | D:5      | Bought a potion of haste for 140 gold pieces
  5306 | D:5      | Noticed Sigmund
  5307 | D:5      | Noticed Menkaure
  5333 | D:5      | HP: 1/67 [something (9)]
  5337 | D:5      | Killed Sigmund
  5567 | D:5      | Killed Menkaure
  6153 | D:6      | Reached skill level 5 in Throwing
  6162 | D:6      | Reached XP level 9. HP: 18/72 MP: 1/16
  6602 | D:6      | Noticed Maggie
  6629 | D:6      | HP: 1/73 [Maggie/+0 war axe (12)]
  6905 | D:6      | Identified the +8 dagger "Oton" {freeze, Will+}
  6973 | D:6      | Found a staircase to the Ecumenical Temple.
  7094 | D:6      | Found a runed translucent door.
  7095 | D:6      | Noticed Crazy Yiuf
  7157 | D:6      | Reached skill level 5 in Spellcasting
  7706 | D:6      | Killed Maggie
  7838 | D:6      | Reached skill level 6 in Throwing
  8205 | D:6      | Found a bloodstained altar of Trog.
  8433 | D:6      | Killed Crazy Yiuf
  8503 | Temple   | Entered the Ecumenical Temple
  8989 | D:7      | Found a shimmering blue altar of Sif Muna.
  9140 | D:7      | Reached skill level 5 in Invocations
  9493 | D:7      | Reached XP level 10. HP: 80/80 MP: 13/18
  9843 | D:8      | Reached skill level 5 in Long Blades
  9843 | D:8      | Reached skill level 5 in Axes
  9843 | D:8      | Reached skill level 5 in Maces & Flails
  9843 | D:8      | Reached skill level 5 in Polearms
  9843 | D:8      | Reached skill level 5 in Staves
  9843 | D:8      | Reached skill level 5 in Slings
  9843 | D:8      | Reached skill level 5 in Bows
  9843 | D:8      | Reached skill level 5 in Crossbows
  9843 | D:8      | Reached skill level 5 in Armour
  9843 | D:8      | Reached skill level 5 in Dodging
  9843 | D:8      | Reached skill level 5 in Stealth
  9843 | D:8      | Reached skill level 5 in Shields
  9843 | D:8      | Reached skill level 5 in Unarmed Combat
  9843 | D:8      | Reached skill level 5 in Evocations
 10068 | D:9      | Reached skill level 7 in Throwing
 10277 | D:9      | Noticed a cyclops
 10278 | D:9      | Noticed a manticore
 10282 | D:9      | Killed a cyclops
 10284 | D:9      | Noticed an eight-headed hydra
 10287 | D:9      | Noticed a kobold demonologist
 10315 | D:9      | Killed an eight-headed hydra
 10315 | D:9      | Killed a manticore
 10914 | D:9      | Killed a kobold demonologist
 10915 | D:9      | Reached skill level 8 in Throwing
 10998 | D:9      | Reached XP level 11. HP: 41/87 MP: 4/20
 11336 | D:8      | Found a snail-covered altar of Cheibriados.
 11503 | D:7      | Reached skill level 5 in Conjurations
 11503 | D:7      | Reached skill level 5 in Hexes
 11503 | D:7      | Reached skill level 5 in Summonings
 11503 | D:7      | Reached skill level 5 in Necromancy
 11503 | D:7      | Reached skill level 5 in Translocations
 11503 | D:7      | Reached skill level 5 in Transmutations
 11503 | D:7      | Reached skill level 5 in Ice Magic
 11503 | D:7      | Reached skill level 5 in Air Magic
 11503 | D:7      | Reached skill level 5 in Earth Magic
 11503 | D:7      | Reached skill level 5 in Poison Magic
 11953 | D:8      | Found a staircase to the Lair.
 12377 | D:8      | Found a glowing golden altar of the Shining One.
 12379 | D:8      | Found a glowing silver altar of Zin.
 12387 | D:8      | Found a white marble altar of Elyvilon.
 13260 | D:10     | Entered Level 10 of the Dungeon
 13480 | D:10     | Noticed an orc knight
 13494 | D:10     | Killed an orc knight
 13596 | D:10     | Found a staircase to the Orcish Mines.
 13620 | D:10     | Reached skill level 9 in Throwing
 14112 | D:10     | Found a radiant altar of Vehumet.
 14112 | D:10     | Found a sparkling altar of Nemelex Xobeh.
 14114 | D:10     | Found a basalt altar of Yredelemnul.
 14114 | D:10     | Found a hide-covered altar of Uskayaw.
 14318 | D:10     | Found a runed translucent door.
 14318 | D:10     | Noticed a centaur warrior
 14318 | D:10     | Noticed bmj180's ghost (journeyman DsNe)
 15208 | D:10     | Killed a centaur warrior
 15433 | D:10     | Killed bmj180's ghost
 15434 | D:10     | Reached XP level 12. HP: 86/96 MP: 20/23
 15674 | D:11     | Noticed a boulder beetle
 15683 | D:11     | Killed a boulder beetle
 15714 | D:11     | Noticed a two-headed ogre
 15726 | D:11     | Killed a two-headed ogre
 16349 | D:11     | Noticed a tengu warrior
 16356 | D:11     | Killed a tengu warrior
 16357 | D:11     | Reached skill level 10 in Throwing
 16717 | D:12     | Noticed Rupert
 16835 | Lair:1   | Entered Level 1 of the Lair of Beasts
 16982 | Lair:1   | You fall into a shaft and drop 1 floor!
 17112 | Lair:2   | Reached skill level 10 in Fighting
 17112 | Lair:2   | Reached skill level 10 in Short Blades
 17113 | Lair:2   | Found a staircase to the Swamp.
 18045 | Lair:2   | Noticed a five-headed hydra
 18047 | Lair:2   | Killed a five-headed hydra
 18503 | Lair:1   | Noticed a seven-headed hydra
 18513 | Lair:1   | Killed a seven-headed hydra
 18514 | Lair:1   | Reached skill level 11 in Throwing
 18514 | Lair:1   | Reached XP level 13. HP: 72/103 MP: 14/25
 20103 | Lair:2   | Noticed Prince Ribbit
 20111 | Lair:2   | Killed Prince Ribbit
 20906 | Lair:3   | Found a frozen archway.
 20915 | IceCv    | Entered an ice cave
 22100 | Lair:3   | Reached skill level 12 in Throwing
 22834 | Lair:4   | Found a hole to the Spider Nest.
 23022 | Lair:4   | Reached XP level 14. HP: 44/113 MP: 0/27
 24443 | Lair:5   | Found a dark tunnel.
 24461 | Volcano  | Entered a volcano
 25218 | Lair:4   | Reached skill level 10 in Invocations
 26679 | Lair:6   | Entered Level 6 of the Lair of Beasts
 26787 | Lair:6   | Reached skill level 13 in Throwing
 27015 | Lair:5   | Learned a level 5 spell: Borgnjor's Vile Clutch
 27021 | Lair:5   | Learned a level 5 spell: Lee's Rapid Deconstruction
 27331 | Lair:6   | Reached skill level 10 in Spellcasting
 28117 | Lair:6   | Reached XP level 15. HP: 72/118 MP: 6/29
 28826 | Lair:6   | Found a staircase to the Slime Pits.
 28826 | Lair:6   | Found a viscous altar of Jiyva.
 29158 | Lair:6   | Found a large runed translucent door.
 29172 | Lair:6   | Found a large runed translucent door.
 29463 | Lair:6   | Reached skill level 10 in Fire Magic
 30397 | D:12     | Killed Rupert
 30830 | D:12     | Noticed Sonja
 30837 | D:12     | Killed Sonja
 30867 | D:12     | Reached skill level 10 in Long Blades
 30867 | D:12     | Reached skill level 10 in Axes
 30867 | D:12     | Reached skill level 10 in Maces & Flails
 30867 | D:12     | Reached skill level 10 in Polearms
 30867 | D:12     | Reached skill level 10 in Staves
 30867 | D:12     | Reached skill level 10 in Slings
 30867 | D:12     | Reached skill level 10 in Bows
 30867 | D:12     | Reached skill level 10 in Crossbows
 30867 | D:12     | Reached skill level 10 in Armour
 30867 | D:12     | Reached skill level 10 in Dodging
 30867 | D:12     | Reached skill level 10 in Stealth
 30867 | D:12     | Reached skill level 10 in Shields
 30867 | D:12     | Reached skill level 10 in Unarmed Combat
 30867 | D:12     | Reached skill level 10 in Evocations
 31468 | D:13     | Found a gate to the Vaults.
 32501 | D:13     | Reached skill level 14 in Throwing
 33537 | D:14     | Found a portal to a secret trove of treasure.
 36052 | D:15     | Entered Level 15 of the Dungeon
 36229 | D:15     | Found a broken altar of Ashenzari.
 36859 | D:15     | Noticed an emperor scorpion
 36873 | D:15     | Noticed an emperor scorpion
 36874 | D:15     | an emperor scorpion changed into a death yak
 36880 | D:15     | Noticed a quicksilver dragon
 37110 | D:15     | Reached XP level 16. HP: 128/128 MP: 26/30
 37145 | D:15     | Found a staircase to the Depths.
 37298 | Orc:1    | Entered Level 1 of the Orcish Mines
 37349 | Orc:2    | Entered Level 2 of the Orcish Mines
 38673 | Orc:2    | Found a staircase to the Elven Halls.
 39500 | Orc:2    | Paralysed by an orc sorcerer for 3 turns
 39764 | Orc:2    | Found Vonom's Antique Armour Emporium.
 39768 | Orc:2    | Found Kaeposs's Jewellery Emporium.
 39807 | Orc:2    | Bought an embroidered cloak for 202 gold pieces
 39941 | Orc:2    | Found Dailugh's General Store.
 39956 | Orc:2    | Found Kamow's Antique Weapon Emporium.
 39963 | Orc:2    | Bought a twisted quarterstaff for 279 gold pieces
 39963 | Orc:2    | Identified the +8 quarterstaff of the Establishment {elec,
                  | MP-9 Int+9} (You bought it in a shop on level 2 of the
                  | Orcish Mines)
 40243 | Spider:1 | Entered Level 1 of the Spider Nest
 41221 | Spider:1 | Reached skill level 15 in Throwing
 41249 | Spider:1 | HP: 3/129 [redback (10)]
 41448 | Spider:1 | HP: 5/129 [culicivora (12)]
 41692 | Spider:1 | HP: 6/129 [entropy weaver (2)]
 42443 | Spider:2 | Slain by a redback

Illustrated notes

Levels and vault maps discovered:
D:1:      minmay_arrival_stair_chambers, layout_basic
D:2:      layout_loops_cross, hellmonk_ecumenical_altar_blasted, st_stairs_8,
          serial_bayou_lagoon_a
D:3:      layout_basic
D:4:      layout_loops_corners, mainiacjoe_overflow_brackets, okawaru_trees_1,
          uniq_pikel, uniq_edmund
D:5:      layout_loops_ring, serial_shops, shop, cheibrodos_sewer_entry_drain,
          uniq_sigmund, uniq_menkaure
D:6:      layout_layer_cave, mainiacjoe_overflow_alcove_4,
          minmay_temple_entry_tees, minmay_increasing_density,
          uniq_crazy_yiuf_cottage, uniq_maggie
D:7:      layout_loops_ring, lemuel_blue_sif_altar
D:8:      layout_loops_cross, good_gods_temple_1, kennysheep_slug_shrine,
          minmay_lair_entry_grove
D:9:      minmay_curly_fans, layout_basic
D:10:     layout_layer_cave, mainiacjoe_overflow_alcove_3, david_orc_5,
          ebering_ghost_inner_flame
D:11:     layout_basic
D:12:     layout_loops_corners, uniq_rupert, uniq_sonja
D:13:     layout_grid_maze, erik_vaults_1, nrook_guardian_serpent_double
D:14:     layout_irregular_city, enter_trove_6, grunt_ministairs_1
D:15:     gammafunk_enter_depths_forms, layout_irregular_city,
          cheibrodos_ashenzari_chains, nicolae_water_bricks
Temple:   zaba_magenta_temple
Lair:1:   layout_loops_ring, grunt_megastairs_3
Lair:2:   layout_roguey [special_room_bee], minmay_swamp_entry_eels,
          serial_bayou, serial_bayou_pond_e, serial_bayou_pond_d,
          serial_bayou_pond_b, serial_bayou_pond_b, uniq_prince_ribbit2
Lair:3:   layout_regular_city, portal_ice_cave_entry_pillars_2
Lair:4:   layout_loops_ring, spider_nest_entry_webs,
          nicolae_lair_run_with_the_wolves
Lair:5:   layout_roguey, nicolae_volcano_entry_hallway, grunt_megastairs_4,
          serial_bayou_shore_a
Lair:6:   cheibrodos_lair_end_hotspot, layout_gridlike, slime_altar_1
Spider:1: layout_spider_delve, drop_trap
Spider:2: nicolae_spider_hilbert_zone_3 [nicolae_spider_hilbert_4_sides_2_open,
          nicolae_spider_hilbert_3_sides_1_open,
          nicolae_spider_hilbert_3_sides_1_open,
          nicolae_spider_hilbert_3_sides_1_open,
          nicolae_spider_hilbert_3_sides_1_open,
          nicolae_spider_hilbert_4_sides_1_open,
          nicolae_spider_hilbert_4_sides_1_open,
          nicolae_spider_hilbert_4_sides_1_open,
          nicolae_spider_hilbert_4_sides_1_open,
          nicolae_spider_hilbert_4_sides_1_open,
          nicolae_spider_hilbert_4_sides_1_open,
          nicolae_spider_hilbert_4_sides_1_open,
          nicolae_spider_hilbert_4_sides_1_open,
          nicolae_spider_hilbert_3_sides_1_open,
          nicolae_spider_hilbert_3_sides_1_open,
          nicolae_spider_hilbert_3_sides_1_open,
          nicolae_spider_hilbert_3_sides_1_open], gammafunk_ghost_mausoleum
Orc:1:    layout_caves, basic_altar
Orc:2:    grunt_orc_cross, layout_diamond_mine

Skill      XL: |  1  2  3  4  5  6  7  8  9 10 11 12 13 14 15 16 |
---------------+-------------------------------------------------+-----
Invocations    | 1 2 3 4 5 6 7 8 9 10 11 | 11.9
Long Blades    | 1 2 3 4 5 6 7 8 9 10 11 | 11.0
Axes           | 1 2 3 4 5 6 7 8 9 10 11 | 11.0
Maces & Flails | 1 2 3 4 5 6 7 8 9 10 11 | 11.0
Polearms       | 1 2 3 4 5 6 7 8 9 10 11 | 11.0
Staves         | 1 2 3 4 5 6 7 8 9 10 11 | 11.0
Slings         | 1 2 3 4 5 6 7 8 9 10 11 | 11.0
Bows           | 1 2 3 4 5 6 7 8 9 10 11 | 11.0
Crossbows      | 1 2 3 4 5 6 7 8 9 10 11 | 11.0
Throwing       | 1 3 5 6 8 9 11 12 13 14 15 | 15.1
Armour         | 1 2 3 4 5 6 7 8 9 10 11 | 11.0
Dodging        | 1 2 3 4 5 6 7 8 9 10 11 | 11.0
Stealth        | 1 2 3 4 5 6 7 8 9 10 11 | 11.0
Shields        | 1 2 3 4 5 6 7 8 9 10 11 | 11.0
Unarmed Combat | 1 2 3 4 5 6 7 8 9 10 11 | 11.0
Evocations     | 1 2 3 4 5 6 7 8 9 10 11 | 11.0
Spellcasting   | 3 4 5 6 7 8 9 10 11 | 11.3
Conjurations   | 1 2 3 4 5 6 7 8 9 |  9.2
Hexes          | 1 2 3 4 5 6 7 8 9 |  9.2
Summonings     | 1 2 3 4 5 6 7 8 9 |  9.2
Necromancy     | 1 2 3 4 5 6 7 8 9 |  9.2
Translocations | 1 2 3 4 5 6 7 8 9 |  9.2
Transmutations | 1 2 3 4 5 6 7 8 9 |  9.2
Ice Magic      | 1 2 3 4 5 6 7 8 9 |  9.2
Air Magic      | 1 2 3 4 5 6 7 8 9 |  9.2
Earth Magic    | 1 2 3 4 5 6 7 8 9 |  9.2
Poison Magic   | 1 2 3 4 5 6 7 8 9 |  9.2
Fighting       | 7 8 9 10 11 12 | 12.7
Short Blades   | 7 8 9 10 11 12 | 12.7
Fire Magic     | 6 7 8 9 10 | 10.7

Action                   |  1- 3 |  4- 6 |  7- 9 | 10-12 | 13-15 | 16-18 || total
-------------------------+-------+-------+-------+-------+-------+-------++-------
Melee: Short sword       |    44 |    16 |       |       |       |       ||    60
       Bite              |     2 |     1 |    23 |    45 |   164 |    50 ||   285
       Dagger            |       |    30 |   174 |   418 |  1300 |   323 ||  2245
       Punch             |       |       |     6 |    15 |    89 |    10 ||   120
       Unarmed           |       |       |       |     7 |       |       ||     7
       Quarterstaff      |       |       |       |       |       |   169 ||   169
Throw: Boomerang         |       |       |       |       |       |    42 ||    42
 Cast: Scorch            |    23 |    47 |    90 |     4 |     2 |       ||   166
       Ensorcelled Hiber |       |       |     8 |   209 |   367 |   116 ||   700
       Borgnjor's Vile C |       |       |       |       |     4 |     1 ||     5
       Lee's Rapid Decon |       |       |       |       |     1 |       ||     1
Invok: Rising Flame      |       |       |     1 |       |       |       ||     1
       Fiery Armour      |       |       |       |       |       |     1 ||     1
Evoke: Wand              |       |       |       |     6 |    13 |     1 ||    20
       Lightning rod     |       |       |       |       |     4 |       ||     4
  Use: Scroll            |       |       |    12 |     7 |    10 |     4 ||    33
       Potion            |       |       |     6 |       |     3 |     3 ||    12
 Stab: Sleeping          |       |       |     9 |   118 |   190 |    60 ||   377
       Paralysed         |       |       |       |       |     1 |       ||     1
       Distracted        |       |       |       |       |     2 |     1 ||     3
Armor: Robe              |    36 |    16 |    20 |    34 |       |       ||   106
       Skin              |       |       |       |     2 |       |       ||     2
       Swamp dragon scal |       |       |       |   109 |   591 |   385 ||  1085
Dodge: Dodged            |    43 |    45 |   107 |   232 |   633 |   445 ||  1505
